 Dungeon Crawl Stone Soup version 0.30.0-10-gfe55d96785 (webtiles) character file.

Game seed: 16409186560727910651

4 Foic the Magician (level 1, -2/15 HPs)
             Began as a Djinni Hedge Wizard on May 16, 2023.
             Slain by a quokka (3 damage)
             ... on level 1 of the Dungeon.
             The game lasted 00:01:06 (148 turns).

Foic the Magician (Djinni Hedge Wizard)              Turns: 148, Time: 00:01:06

Health: -2/15      AC:  2    Str:  9    XL:     1   Next: 66%
Gold:   5          EV: 12    Int: 15    God:
                   SH:  0    Dex: 12

rFire   + + .        a - +0 dagger
rCold   x . .        (no shield)
rNeg    . . .        b - +0 robe
rPois   ∞            c - +0 hat
rElec   .            (no cloak)
rCorr   .            (no gloves)
SInv    .            (boots unavailable)
Will    .....        (no amulet)
Stlth   ++           (no ring)
HPRegen 0.22/turn    (no ring)
MPRegen 0.00/turn

%: infuse magic (-3 HP)
@: flying
A: sickness immunity, fire resistance 2, cold vulnerability 1, float, innate
caster, HP casting, extra vitality 1
a: no special abilities


You were on level 1 of the Dungeon.
You visited 1 branch of the dungeon, and saw 1 of its levels.

You collected 5 gold pieces.

Inventory:

Hand Weapons
 a - a +0 dagger (weapon)
Armour
 b - a +0 robe (worn)
 c - a +0 hat (worn)


   Skills:
 * Level 2.2 Dodging
 + Level 1.5 Stealth
 * Level 2.6 Spellcasting


You knew the following spells:

 Your Spells              Type           Power      Damage    Failure   Level
a - Magic Dart            Conj           36%        1d4       7%          1
b - Slow                  Hex            36%        N/A       7%          1
c - Blink                 Tloc           18%        N/A       11%         2
d - Call Imp              Summ           18%        N/A       11%         2
e - Mephitic Cloud        Conj/Pois/Air  9%         N/A       22%         3
Your spell library was empty.

Dungeon Overview and Level Annotations

Branches:
Dungeon (1/15)

Altars:


Innate Abilities, Weirdness & Mutations

You are immune to sickness and miasma.
You are immune to poison.
Your flesh is very heat resistant. (rF++)
You are vulnerable to cold. (rC-)
You float through the air rather than walking.
You learn spells naturally, not from books.
Your magical power is your life essence.
You have superior vitality. (+4 MHP)


Message History

You barely miss the quokka.
The quokka is severely wounded.
The quokka completely misses you. The quokka barely misses you.
You hit the quokka but do no damage.
The quokka is severely wounded.
The quokka closely misses you.
Aiming: Magic Dart (safe; 7% risk of failure)
Press: ? - help, Q - select action, (/) - cycle Shift-Dir - straight line, f/p - quokka
Aim: a quokka (severely wounded, 100% to hit)
The magic dart hits the quokka but does no damage.
The quokka is severely wounded.
The quokka barely misses you.
Your magical contamination has completely faded away.
Aiming: Magic Dart (safe; 7% risk of failure)
Press: ? - help, Q - select action, (/) - cycle Shift-Dir - straight line, f/p - quokka
Aim: a quokka (severely wounded, 100% to hit)
The magic dart hits the quokka.
The quokka is almost dead.
The quokka bites you.
Aiming: Magic Dart (safe; 7% risk of failure)
Press: ? - help, Q - select action, (/) - cycle Shift-Dir - straight line, f/p - quokka
Aim: a quokka (almost dead, 100% to hit)
The magic dart hits the quokka but does no damage.
The quokka is almost dead.
The quokka bites you.
* * * LOW HITPOINT WARNING * * *
You hit the quokka but do no damage.
The quokka is almost dead.
The quokka closely misses you. The quokka bites you.
* * * LOW HITPOINT WARNING * * *
You closely miss the quokka.
The quokka is almost dead.
The quokka closely misses you.
You hit the quokka but do no damage.
The quokka is almost dead.
The quokka closely misses you.
You hit the quokka but do no damage.
The quokka is almost dead.
The quokka bites you.
You die...

##.## ##.## ##.##
##.## ##.# ##.## #
##.#.##
..###.##..##†#####
......r@.....†...#
##########.#.#..##
#...#....####
#.######....#
#......:##.####
#######.##....#
#....##.#
#.#####.#
#.......#


You could see a quokka.

Vanquished Creatures
  A dart slug (D:1)
  A giant cockroach (D:1)
2 creatures vanquished.

Notes
Turn   | Place    | Note
-------+----------+-------------------------------------------
     0 | D:1      | Foic the Djinni Hedge Wizard began the quest for the Orb.
     0 | D:1      | Foic set off with the following spells memorised: Magic
                  | Dart, Slow, Blink, Call Imp, Mephitic Cloud.
     0 | D:1      | Reached XP level 1. HP: 15/15 MP: 0/0
   148 | D:1      | Slain by a quokka

Illustrated notes

Levels and vault maps discovered:
D:1:      nagdon_arrival_zigzag_paths, layout_basic

Action                     || total
---------------------------++-------
  Melee: Dagger            ||     7
   Cast: Magic Dart        ||    16
  Dodge: Dodged            ||    11
